 Dungeon Crawl Stone Soup version 0.24-a0-132-ge4b1dce (webtiles) character file.

Game seed: 0

24433 Inarius the Zephyrmancer (level 13, -4/68 HPs)
             Began as a Kobold Air Elementalist on Feb 27, 2019.
             Was a High Priest of Vehumet.
             Slain by Rupert
             ... wielding a +4 great sword of flaming
              (7 damage)
             ... while paralysed by Rupert
             ... on level 5 of the Lair of Beasts.
             The game lasted 00:49:36 (20917 turns).

Inarius the Zephyrmancer (Kobold Air Elementalist) Turns: 20917, Time: 00:49:37

Health: -4/68      AC:  7    Str:  6    XL:     13   Next: 42%
Magic:  25/25      EV:  3    Int: 20    God:    Vehumet [*****.]
Gold:   863        SH:  0    Dex: 16    Spells: 13/28 levels left

rFire    + . .     SeeInvis .   J - +1 dagger (flame)
rCold    + . .     Gourm    .   B - +2 buckler
rNeg     . . .     Faith    .   u - +2 leather armour {rF+}
rPois    .         Spirit   .   T - +0 helmet
rElec    .         Reflect  .   A - +0 cloak
rCorr    .         Harm     .   (no gloves)
MR       .....                  (no boots)
Stlth    +++.......             f - amulet of the acrobat
HPRegen  0.21/turn              y - +6 ring of evasion
MPRegen  0.19/turn              Q - ring of protection from cold

@: paralysed
A: small, carnivore
a: Renounce Religion


You were on level 5 of the Lair of Beasts.
You worshipped Vehumet.
Vehumet was extremely pleased with you.
You were very full.

You visited 3 branches of the dungeon, and saw 17 of its levels.

You collected 863 gold pieces.

Inventory:

Hand Weapons
 J - a +1 dagger of flaming (weapon)
 K - a +1 short sword of venom
Armour
 j - a scarf of cloud immunity
 u - a +2 leather armour of fire resistance (worn)
 A - a +0 cloak (worn)
 B - a +2 buckler (worn)
 T - a +0 helmet (worn)
 U - a +1 leather armour of magic resistance
Jewellery
 f - an amulet of the acrobat (around neck)
 h - an uncursed ring of protection from magic
 t - an uncursed ring of stealth
 y - a +6 ring of evasion (left hand)
 C - a cursed ring of attention {unknown}
 G - an uncursed amulet of rage
 L - an uncursed ring of protection from magic
 Q - a ring of protection from cold (right hand)
Wands
 a - a wand of flame (10)
 E - a wand of random effects (21)
 M - a wand of iceblast (3)
 S - a wand of digging (4)
 V - a wand of scattershot (6)
 Y - a wand of polymorph (7)
Scrolls
 l - 11 scrolls of remove curse
 n - 4 scrolls of amnesia
 p - 4 scrolls of fog {unknown}
 s - 4 scrolls of teleportation
 v - 3 scrolls of enchant weapon {unknown}
 x - 6 scrolls of enchant armour {unknown}
 D - 3 scrolls of random uselessness {unknown}
 F - a scroll of torment {unknown}
 P - a scroll of acquirement {unknown}
 R - a scroll of holy word
 X - a scroll of identify
Potions
 b - 4 potions of heal wounds
 d - 2 potions of might {unknown}
 e - 5 potions of lignification
 g - 3 potions of invisibility {unknown}
 i - 3 potions of resistance {unknown}
 k - 2 potions of brilliance {unknown}
 m - 10 potions of curing
 o - 2 potions of haste {unknown}
 q - 6 potions of flight
 w - a potion of cancellation {unknown}
 z - 2 potions of magic {unknown}
 H - a potion of agility
 I - a potion of berserk rage {unknown}
 O - a potion of ambrosia {unknown}
 W - a potion of mutation {unknown}
Miscellaneous
 r - a lightning rod (4/4)
 N - a box of beasts
Comestibles
 c - 21 rations


   Skills:
 + Level 2.7 Fighting
 + Level 3.4 Short Blades
 + Level 2.3 Armour
 + Level 6.3 Dodging
 + Level 5.0 Stealth
 + Level 2.6 Shields
 + Level 0.1 Unarmed Combat
 - Level 8.0 Spellcasting
 * Level 9.9 Conjurations
 * Level 14.4 Air Magic
 + Level 7.3 Evocations


You had 13 spell levels left.
You knew the following spells:

 Your Spells              Type           Power        Failure   Level  Hunger
a - Shock                 Conj/Air       ####         1%          1    None
b - Swiftness             Chrm/Air       #####...     1%          2    None
c - Static Discharge      Conj/Air       ######..     1%          3    None
d - Airstrike             Air            ######....   1%          4    ###....
e - Lightning Bolt        Conj/Air       ######....   1%          5    #####..

Your spell library contained the following spells:

 Spells                   Type           Power        Failure   Level  Hunger
 Venom Bolt               Conj/Pois      ####......   16%         5    #####..
 Throw Frost              Conj/Ice       ####..       1%          2    None
 Dazzling Spray           Conj/Hex       ####..       1%          3    None
 Freeze                   Ice            #...         4%          1    None
 Throw Icicle             Conj/Ice       ####....     6%          4    ###....
 Confusing Touch          Hex            #.....       17%         1    None
 Corona                   Hex            #......      17%         1    None
 Ensorcelled Hibernation  Hex/Ice        #.....       26%         2    None
 Confuse                  Hex            #.......     45%         3    None
 Gell's Gravitas          Tloc           #.........   45%         3    None
 Ozocubu's Armour         Chrm/Ice       #.......     45%         3    None
 Recall                   Summ/Tloc      N/A          45%         3    None
 Tukima's Dance           Hex            #.......     45%         3    None
 Yara's Violent Unravell  Hex/Tmut       #.........   71%         5    #####..
 Petrify                  Tmut/Erth      #.......     86%         4    ###....
 Summon Ice Beast         Ice/Summ       #.......     86%         4    ###....
 Aura of Abjuration       Summ           #.........   99%         5    #####..
 Borgnjor's Vile Clutch   Necr/Erth      #.........   99%         5    #####..
 Metabolic Englaciation   Hex/Ice        #.........   99%         5    #####..
 Summon Demon             Summ           #.........   99%         5    #####..
 Summon Forest            Summ/Tloc      #.........   99%         5    #####..
 Summon Mana Viper        Hex/Summ       #.......     99%         5    #####..
 Shadow Creatures         Summ           N/A          100%        6    ######.
 Statue Form              Tmut/Erth      #........    100%        6    ######.
 Shatter                  Erth           #.........   100%        9    #######


Dungeon Overview and Level Annotations

Branches:
Dungeon (11/15)            Temple (1/1) D:4            Lair (5/6) D:9
 Shoals (0/4) Lair:2        Snake (0/4) Lair:4
  Slime: Lair:5-6       Orc: D:9-12

Altars:
Ashenzari
Cheibriados
Elyvilon
Fedhas
Gozag
Hepliaklqana
Kikubaaqudgha
Makhleb
Nemelex Xobeh
Okawaru
Qazlal
Ru
Sif Muna
Trog
Uskayaw
Vehumet
Wu Jian
Xom
Yredelemnul
Zin
The Shining One

Annotations:
D:3 Grinder
D:11 1 runed translucent door, Roikka's ghost, journeyman OgFi
Lair:2 2 transporters, Uruugh's ghost, journeyman TrMo
Lair:5 Rupert


Innate Abilities, Weirdness & Mutations

You are small and have problems with some larger weapons.
You are carnivorous and can eat meat at any time.


Message History

The dream sheep bites you but does no damage.
The bullfrog hits you but does no damage.
The dream sheep bites you but does no damage.
The bullfrog barely misses you.
The dream sheep are wreathed in dream dust.
You feel drowsy...
You can't fall asleep in your current state!
The dream sheep bites you but does no damage.
The bullfrog hits you.
Rupert roars madly and goes into a rage!
Rupert goes berserk!
The dream sheep bites you!
The bullfrog hits you but does no damage.
The dream sheep bites you.
The bullfrog hits you but does no damage.
The bullfrog hits you.
The dream sheep ruffle their wool and motes of dream dust sparkle, to no effect.
Rupert hits you with a +4 great sword of flaming!!!
Ouch! That really hurt!
* * * LOW HITPOINT WARNING * * *
Rupert burns you!
You die...

#....##.... ..
.#.........#...
...............
..........#...
............###
...............
......Y.......#
....YYF@Y.....P
......Y@.....PP
..>..Y.Y......P
..............P
?...........##.
............#
...........#.
...........##.


You could see Rupert (berserk), a bullfrog and 7 dream sheep.

Vanquished Creatures
  Gastronok (Lair:2)
  5 hydras
  Harold (D:10)
  A two-headed ogre (D:11)
  An unseen horror (D:10)
  A black mamba (Lair:1)
  A centaur skeleton (D:10)
  A gargoyle (D:10)
  2 rime drakes
  4 spiny frogs
  2 trolls
  2 polar bears
  A snapping turtle (Lair:2)
  3 hippogriffs
  9 dream sheep
  13 yaks
  4 wyverns
  Eustachio (D:4)
  3 vampire mosquitoes (D:9)
  A soldier ant (D:11)
  19 water moccasins
  9 porcupines
  2 black bears (D:8)
  3 ice beasts
  3 orc warriors
  A phantom (D:4)
  9 ogres
  8 centaurs
  6 crocodiles
  2 big kobolds
  10 bullfrogs
  A wyvern skeleton (D:7)
  3 scorpions
  A water moccasin skeleton (D:7)
  3 wights (D:7)
  7 howler monkeys
  A centaur zombie (D:6)
  4 crimson imps
  A quasit (D:11)
  A bullfrog zombie (D:9)
  4 hounds
  5 jellies
  4 orc priests
  4 bullfrog skeletons
  15 orc wizards
  Ijyb (D:4)
  Natasha (thrice) (D:2)
  2 iguanas
  9 worker ants
  2 hound skeletons
  A mummy (D:6)
  7 gnolls
  13 adders
  2 shadow imps (D:5)
  An ooze (D:1)
  2 adder zombies
  3 adder skeletons
  A worm (D:4)
  3 dart slugs
  7 leopard geckos
  32 orcs
  2 ball pythons
  7 bats
  7 giant cockroaches
  5 goblins
  5 hobgoblins
  21 jackals
  7 quokkas
  6 frilled lizards
  A hobgoblin zombie (D:6)
  A jackal zombie (D:9)
  17 kobolds
  3 kobold zombies (D:6)
  A quokka skeleton (D:7)
  10 rats
  2 fungi
367 creatures vanquished.

Vanquished Creatures (others)
  10 fungi
  4 plants
14 creatures vanquished.

Grand Total: 381 creatures vanquished

Notes
Turn   | Place    | Note
-------+----------+-------------------------------------------
     0 | D:1      | Inarius the Kobold Air Elementalist began the quest for the
                  | Orb.
     0 | D:1      | Reached XP level 1. HP: 10/10 MP: 3/3
   279 | D:1      | Reached XP level 2. HP: 15/15 MP: 0/5
   870 | D:1      | Reached XP level 3. HP: 19/19 MP: 2/6
  1235 | D:1      | Reached skill level 4 in Air Magic
  1380 | D:1      | Reached XP level 4. HP: 22/24 MP: 4/7
  1415 | D:1      | Learned a level 2 spell: Swiftness
  1419 | D:1      | Learned a level 3 spell: Static Discharge
  1621 | D:2      | Noticed Natasha
  1634 | D:2      | Killed Natasha
  1892 | D:2      | Noticed Natasha
  1902 | D:2      | Killed Natasha
  1902 | D:2      | Reached skill level 1 in Fighting
  1902 | D:2      | Reached XP level 5. HP: 28/30 MP: 2/8
  1952 | D:2      | Noticed Natasha
  1964 | D:2      | Killed Natasha
  2022 | D:2      | Found a basalt altar of Yredelemnul.
  2025 | D:2      | Found a glowing golden altar of the Shining One.
  2026 | D:2      | Found a snail-covered altar of Cheibriados.
  2026 | D:2      | Found a blossoming altar of Fedhas.
  2889 | D:3      | Noticed Grinder
  3015 | D:3      | Reached XP level 6. HP: 35/35 MP: 4/9
  3300 | D:3      | Found a faded altar of an unknown god.
  3325 | D:3      | Reached skill level 1 in Short Blades
  3561 | D:3      | Learned a level 4 spell: Airstrike
  3734 | D:3      | Found a deep blue altar of Sif Muna.
  3846 | D:4      | Noticed Eustachio
  3873 | D:4      | Killed Eustachio
  3873 | D:4      | Reached skill level 5 in Air Magic
  3873 | D:4      | Reached XP level 7. HP: 26/39 MP: 1/11
  3890 | D:4      | Noticed Ijyb
  3975 | D:4      | Killed Ijyb
  4167 | D:4      | Reached skill level 1 in Armour
  4520 | D:4      | Found a staircase to the Ecumenical Temple.
  4593 | Temple   | Entered the Ecumenical Temple
  4628 | Temple   | Became a worshipper of Vehumet
  4854 | D:5      | Entered Level 5 of the Dungeon
  5359 | D:5      | Reached XP level 8. HP: 44/44 MP: 7/13
  6235 | D:6      | Reached skill level 1 in Evocations
  6259 | D:6      | Learned a level 5 spell: Lightning Bolt
  6531 | D:6      | Reached skill level 5 in Conjurations
  6542 | D:6      | Reached * piety under Vehumet
  6542 | D:6      | Offered knowledge of Magic Dart by Vehumet.
  6629 | D:6      | Reached skill level 6 in Air Magic
  6942 | D:7      | Reached skill level 5 in Spellcasting
  7069 | D:7      | Found an ancient bone altar of Kikubaaqudgha.
  7105 | D:7      | Reached XP level 9. HP: 48/48 MP: 12/16
  7163 | D:7      | Found an opulent altar of Gozag.
  7652 | D:7      | Reached skill level 7 in Air Magic
  7830 | D:7      | Reached ** piety under Vehumet
  7830 | D:7      | Offered knowledge of Searing Ray by Vehumet.
  8156 | D:8      | Identified Lehudib's Tome of Clay
  8783 | D:8      | Reached skill level 8 in Air Magic
  8860 | D:8      | Reached XP level 10. HP: 53/53 MP: 12/18
  8884 | D:8      | Reached skill level 5 in Dodging
  8959 | D:8      | Noticed a brown ugly thing
  9463 | D:8      | Found a bloodstained altar of Trog.
  9466 | D:8      | Found an iron altar of Okawaru.
  9756 | D:9      | Found a staircase to the Lair.
 10087 | D:9      | Reached skill level 1 in Shields
 10444 | D:9      | Found a shattered altar of Ashenzari.
 10709 | D:9      | Offered knowledge of Ignite Poison by Vehumet.
 10709 | D:9      | Reached skill level 9 in Air Magic
 10968 | D:9      | Reached skill level 5 in Evocations
 11489 | D:10     | Entered Level 10 of the Dungeon
 11825 | D:9      | HP: 2/53 [poison (poison gas)]
 11832 | D:9      | HP: 1/53 [poison (poison gas)]
 11840 | D:9      | HP: 1/53 [poison (poison gas)]
 12319 | D:10     | Noticed a gargoyle
 12325 | D:10     | Killed a gargoyle
 12325 | D:10     | Reached XP level 11. HP: 31/57 MP: 7/21
 12680 | D:10     | Noticed Harold
 12698 | D:10     | Killed Harold
 12698 | D:10     | Reached *** piety under Vehumet
 12699 | D:10     | Killed an unseen horror
 12699 | D:10     | Reached skill level 10 in Air Magic
 13472 | D:11     | Offered knowledge of Conjure Flame by Vehumet.
 13507 | D:11     | Found a runed translucent door.
 13508 | D:11     | Identified the cursed +1 trident of Broken Luck {pierce,
                  | +Inv rPois Str-4 Int+4}
 13508 | D:11     | Noticed Roikka's ghost (journeyman OgFi)
 13732 | D:11     | Noticed a two-headed ogre
 13763 | D:11     | Killed a two-headed ogre
 13996 | D:11     | Reached **** piety under Vehumet
 14438 | Lair:1   | Entered Level 1 of the Lair of Beasts
 14677 | Lair:1   | Offered knowledge of Iskenderun's Mystic Blast by Vehumet.
 15220 | Lair:2   | Reached skill level 5 in Stealth
 15220 | Lair:2   | Reached XP level 12. HP: 62/62 MP: 12/24
 15328 | Lair:2   | Reached skill level 11 in Air Magic
 16012 | Lair:2   | Noticed Uruugh's ghost (journeyman TrMo)
 16042 | Lair:2   | Noticed Gastronok
 16056 | Lair:2   | Noticed a seven-headed hydra
 16105 | Lair:2   | Noticed a four-headed hydra
 16106 | Lair:2   | Killed Gastronok
 16106 | Lair:2   | Reached skill level 12 in Air Magic
 16192 | Lair:2   | Found a transporter.
 16291 | Lair:2   | Found a staircase to the Shoals.
 16599 | Lair:2   | Killed a seven-headed hydra
 16622 | Lair:2   | Found a transporter.
 17265 | Lair:3   | Noticed an eight-headed hydra
 18004 | Lair:4   | Found a staircase to the Snake Pit.
 18037 | Lair:4   | Reached skill level 13 in Air Magic
 18210 | Lair:4   | Reached XP level 13. HP: 42/68 MP: 6/25
 18565 | Lair:3   | Noticed a four-headed hydra
 18568 | Lair:3   | Killed a four-headed hydra
 18792 | Lair:3   | Killed an eight-headed hydra
 18967 | Lair:3   | Noticed a five-headed hydra
 18997 | Lair:3   | Killed a five-headed hydra
 18997 | Lair:3   | Reached ***** piety under Vehumet
 19323 | Lair:4   | Noticed an eight-headed hydra
 19404 | Lair:4   | Offered knowledge of Venom Bolt by Vehumet.
 19843 | Lair:4   | Killed an eight-headed hydra
 19997 | Lair:4   | Reached skill level 14 in Air Magic
 20909 | Lair:5   | Noticed Rupert
 20912 | Lair:5   | Paralysed by Rupert for 6 turns
 20917 | Lair:5   | HP: 3/68 [Rupert/+4 great sword of flaming (38)]
 20917 | Lair:5   | Slain by Rupert

Levels and vault maps discovered:
D:1:      scummos_arrival_checkerplants, layout_loops_corners
D:2:      layout_loops_cross, chequers_temple_overflow_statue_of_worship,
          uniq_natasha
D:3:      layout_loops_ring, lemuel_coloured_pillars_altar,
          chequers_ecumenical_altar_simple_redux, kennysheep_nub, uniq_grinder
D:4:      layout_basic, minmay_temple_entry_mist, uniq_eustachio, uniq_ijyb
D:5:      minmay_angry_zag, layout_gridville, first_ration, st_stairs_8
D:6:      layout_rooms, minmay_mini_ossuary
D:7:      layout_cave_pools, old_standard_altar, lemuel_crystal_altar
D:8:      layout_loops_ring, grunt_temple_overflow_bloody_war
D:9:      layout_irregular_city, kennysheep_little_box, dpeg_oklobed_lair
D:10:     layout_loops_ring, uniq_harold
D:11:     layout_roguey, ebering_ghost_funeral_grove
Temple:   minmay_temple_bridge_abc
Lair:1:   layout_roguey, infiniplex_staircase_pool_2
Lair:2:   layout_loops_ring, minmay_shoals_entry_hut,
          gammafunk_ghost_berserking_beasts, uniq_gastronok
Lair:3:   layout_roguey, grunt_megastairs_5
Lair:4:   layout_cave_pods, minmay_snake_entry_six_corridors
Lair:5:   layout_cave_pods, nicolae_slime_entry_slimehenge,
          minmay_lair_oklob_chamber, uniq_rupert

Skill      XL: |  1  2  3  4  5  6  7  8  9 10 11 12 13 |
---------------+----------------------------------------+-----
Air Magic      | 4 5 6 8 9 10 13 14 | 14.4
Conjurations   | 2 3 4 5 6 7 8 9 |  9.9
Fighting       | 1 2 |  2.7
Stealth        | 3 4 5 |  5.0
Short Blades   | 1 3 |  3.4
Spellcasting   | 3 5 7 8 |  8.0
Armour         | 1 2 |  2.3
Dodging        | 3 4 5 6 |  6.3
Evocations     | 1 4 5 7 |  7.3
Shields        | 1 2 |  2.6
Unarmed Combat | |  0.1

Action                   |  1- 3 |  4- 6 |  7- 9 | 10-12 | 13-15 || total
-------------------------+-------+-------+-------+-------+-------++-------
Melee: Unarmed           |    12 |       |       |       |       ||    12
       Dagger            |    30 |    22 |    77 |    85 |     9 ||   223
       Short sword       |       |       |       |    50 |       ||    50
 Cast: Shock             |    60 |   119 |   354 |   316 |       ||   849
       Airstrike         |       |       |     6 |   109 |    36 ||   151
       Static Discharge  |       |       |     5 |     2 |       ||     7
       Lightning Bolt    |       |       |       |    54 |    22 ||    76
       Swiftness         |       |       |       |     1 |       ||     1
Evoke: Wand              |       |       |     1 |    10 |     1 ||    12
       Lightning rod     |       |       |       |     5 |       ||     5
  Use: Scroll            |       |     2 |     6 |    10 |     1 ||    19
       Potion            |       |       |       |     1 |     1 ||     2
 Stab: Sleeping          |       |       |     1 |     2 |       ||     3
  Eat: Chunk             |    10 |     9 |    16 |    45 |    18 ||    98
       Ration            |       |       |       |       |     3 ||     3
Armor: Robe              |     6 |       |     9 |    17 |       ||    32
       Leather armour    |       |       |     4 |    14 |    11 ||    29
Dodge: Dodged            |    37 |    38 |   182 |   294 |    36 ||   587
Block: Buckler           |       |     1 |    62 |   118 |    15 ||   196

Table legend:
 A = Non-vault XP
 B = Vault XP
 C = Vault XP percentage of total XP
 D = Non-vault monster count
 E = Vault monster count
 F = Vault count percentage of total count
                 A         B        C        D         E       F
            +---------+---------+-------+---------+---------+-------
      Total |   28708 |    6197 |  17.8 |     333 |      32 |   8.8
            +---------+---------+-------+---------+---------+-------
        D:1 |      81 |       0 |   0.0 |      35 |       0 |   0.0
        D:2 |     101 |      36 |  26.3 |      19 |       1 |   5.0
        D:3 |     156 |       0 |   0.0 |      29 |       0 |   0.0
        D:4 |     252 |     239 |  48.7 |      19 |       2 |   9.5
        D:5 |     348 |      53 |  13.2 |      12 |       3 |  20.0
        D:6 |     407 |      22 |   5.1 |      13 |       5 |  27.8
        D:7 |    1413 |       0 |   0.0 |      27 |       0 |   0.0
        D:8 |    1829 |     137 |   7.0 |      38 |       1 |   2.6
        D:9 |    1923 |       0 |   0.0 |      26 |       0 |   0.0
       D:10 |    2605 |     955 |  26.8 |      22 |       1 |   4.3
       D:11 |    3601 |       0 |   0.0 |      33 |       0 |   0.0
     Lair:1 |    1756 |       0 |   0.0 |      10 |       0 |   0.0
     Lair:2 |    3180 |    2530 |  44.3 |      12 |       2 |  14.3
     Lair:3 |    4933 |     397 |   7.4 |      13 |       1 |   7.1
     Lair:4 |    4618 |    1828 |  28.4 |      19 |      16 |  45.7
     Lair:5 |    1505 |       0 |   0.0 |       6 |       0 |   0.0
            +---------+---------+-------+---------+---------+-------
